 Dungeon Crawl Stone Soup version 0.17-a0-1646-geb1493d (webtiles) character file.

74 thrall606 the Shield-Bearer (level 4, 35/35 HPs)
             Began as a Demonspawn Fighter on Aug 11, 2015.
             Quit the game on level 2 of the Dungeon.
             The game lasted 00:06:37 (1928 turns).

thrall606 the Shield-Bearer (Demonspawn Fighter)    Turns: 1928, Time: 00:06:37

Health: 35/35      AC: 15    Str: 14    XL:     4   Next: 9%
Magic:  4/4        EV:  7    Int:  9    God:
Gold:   67         SH:  8    Dex: 12    Spells: 0 memorised, 3 levels left

rFire  + . .     SeeInvis .     l - +2 spear (pain)
rCold  x . .     Rnd*Rage +     b - +0 scale mail
rNeg   . . .     SustAt   +     c - +0 shield
rPois  .         Gourm    .     i - +2 helmet
rElec  .         Spirit   .     h - +0 cloak
rCorr  .         Warding  .     (no gloves)
rMut   .         Stasis   .     (no boots)
MR     .....                    (no amulet)
Stlth  +.........               j - ring of sustain attributes
                                g - ring of fire

@: not resistant to hostile enchantments, very unstealthy
A: iridescent scales 1, berserk 1, clumsy 1, nightstalker 1, weak 1
a: no special abilities


You were on level 2 of the Dungeon.
You were not hungry.

You visited 1 branch of the dungeon, and saw 2 of its levels.

You collected 67 gold pieces.

Inventory:

Hand weapons
 a - a +0 long sword
 l - a +2 spear of pain (weapon)
Armour
 b - a +0 scale mail (worn)
 c - a +0 shield (worn)
 h - a +0 cloak (worn)
 i - a +2 helmet (worn)
Jewellery
 g - a ring of fire (left hand)
 j - a ring of sustain attributes (right hand)
 k - a cursed ring of protection from cold
Magical devices
 m - a wand of magic darts (40)
Potions
 d - a potion of might
Comestibles
 e - a bread ration
 f - 3 chunks of flesh


   Skills:
 + Level 3.4 Fighting
 + Level 2.1 Long Blades
 + Level 3.1 Armour
 + Level 0.6 Dodging
 + Level 3.5 Shields


You had 3 spell levels left.
You didn't know any spells.

Dungeon Overview and Level Annotations

Branches:
Dungeon (2/15)

Altars:


Innate Abilities, Weirdness & Mutations

You are partially covered in iridescent scales (AC +4).
You are slightly more attuned to the shadows.
You tend to lose your temper in combat.
You are clumsy. (Dex -2)
You are weak. (Str -2)


Message History

You now have 42 gold pieces (gained 9).
You now have 53 gold pieces (gained 11).
An adder comes into view.
You see here 14 gold pieces.
The adder bites you but does no damage.
You hit the adder.
The adder is moderately wounded.
The adder bites you but does no damage.
You hit the adder.
The adder is almost dead.
The adder bites you but does no damage. You block the adder's attack.
You closely miss the adder.
The adder is almost dead.
The adder bites you but does no damage.
You hit the adder.
You kill the adder!
You have reached level 4!
You feel agile.
You now have 67 gold pieces (gained 14).
Are you sure you want to abandon this character and quit the game? (Confirm with "yes".)

..........##.#.###...#
.#.#####..##...#...###
.....)รท...##########
...####...#.......
#..#...(..........
#..#.#.#..#.##...##
#..#..............#
..................#####
.#.#............@......
.#.......#........#####
.#..##.................
.......#.#........#####
.#..####.#........###
##...#...............
...#.#.#+#...........
..##.................#
....#.............####


There were no monsters in sight!

Vanquished Creatures
  An adder (D:2)
  3 gnolls (D:2)
  A worm (D:2)
  3 bats
  A giant cockroach (D:2)
  A goblin (D:1)
  7 hobgoblins
  4 jackals (D:1)
  5 kobolds
  A quokka (D:2)
  6 rats
33 creatures vanquished.

Notes
Turn   | Place    | Note
--------------------------------------------------------------
     0 | D:1      | thrall606 the Demonspawn Fighter began the quest for the Orb.
     0 | D:1      | Reached XP level 1. HP: 18/18 MP: 1/1
   215 | D:1      | Gained mutation: You are slightly more attuned to the shadows. [demonic ancestry]
   215 | D:1      | Reached XP level 2. HP: 20/24 MP: 2/2
  1257 | D:2      | Gained mutation: You are partially covered in iridescent scales (AC +4). [demonic ancestry]
  1257 | D:2      | Reached XP level 3. HP: 22/29 MP: 3/3
  1788 | D:2      | Gained mutation: You are clumsy. (Dex -2) [potion of mutation]
  1788 | D:2      | Gained mutation: You are weak. (Str -2) [potion of mutation]
  1788 | D:2      | Gained mutation: You tend to lose your temper in combat. [potion of mutation]
  1924 | D:2      | Reached XP level 4. HP: 35/35 MP: 4/4
  1928 | D:2      | Quit the game

Vault maps used:
D:1:      arrival_zaba_pyramid

Action                   |  1- 3 |  4- 6 || total
-------------------------+-------+-------++-------
Melee: Long sword        |    76 |       ||    76
       Spear             |    51 |       ||    51
  Use: Scroll            |     4 |       ||     4
       Potion            |     4 |       ||     4
 Stab: Invisible         |     1 |       ||     1
  Eat: Bread ration      |     1 |       ||     1
